 Dungeon Crawl Stone Soup version 0.25-a0-251-g572059c536 (webtiles) character file.

Game seed: 1938686664918219684, levelgen mode: deterministic

142 DavidChitty2 the Covered (level 5, -2/33 HPs)
             Began as a Gargoyle Fighter on Dec 4, 2019.
             Slain by an orc
             ... wielding a +0 hand axe of freezing
              (3 damage)
             ... on level 3 of the Dungeon.
             The game lasted 00:02:23 (1821 turns).

DavidChitty2 the Covered (Gargoyle Fighter)         Turns: 1821, Time: 00:02:24

Health: -2/33      AC: 13    Str: 20    XL:     5   Next: 25%
Magic:  5/5        EV:  5    Int:  9    God:
Gold:   102        SH: 11    Dex:  9    Spells: 4/4 levels left

rFire    . . .     SeeInvis .   a - +0 flail
rCold    . . .     Gourm    .   c - +0 shield
rNeg     + . .     Faith    .   f - +0 chain mail
rPois    ∞         Spirit   .   (no helmet)
rElec    +         Reflect  +   (no cloak)
rCorr    .         Harm     .   (no gloves)
MR       .....                  (no boots)
Stlth    ..........             h - +2 amulet of reflection
HPRegen  0.11/turn              (no ring)
MPRegen  0.09/turn              (no ring)

@: no status effects
A: negative energy resistance 1, electricity resistance, unbreathing,
petrification resistance, rot immunity, AC +4
a: no special abilities


You were on level 3 of the Dungeon.
You were not hungry.

You visited 1 branch of the dungeon, and saw 3 of its levels.

You collected 102 gold pieces.

Inventory:

Hand Weapons
 a - a +0 flail (weapon)
Armour
 c - a +0 shield (worn)
 f - a +0 chain mail (worn)
   (You found it on level 1 of the Dungeon)
Jewellery
 h - a +2 amulet of reflection (around neck)
   (You found it on level 1 of the Dungeon)
Scrolls
 g - a scroll of magic mapping {unknown}
 k - a scroll of noise {unknown}
 l - 3 scrolls of identify {unknown}
 o - 4 scrolls of remove curse {unknown}
Potions
 b - a potion of agility {unknown}
 d - 2 potions of might
 i - a potion of degeneration {unknown}
 j - a potion of haste {unknown}
 n - 2 potions of curing {unknown}
 p - 2 potions of mutation {unknown}
 q - 2 potions of invisibility {unknown}
Comestibles
 e - 4 rations {!d}


   Skills:
 + Level 4.0 Fighting
 * Level 3.6 Maces & Flails
 + Level 4.1 Armour
 + Level 4.0 Shields


You had 4 spell levels left.
You didn't know any spells.
Your spell library was empty.

Dungeon Overview and Level Annotations

Branches:
Dungeon (3/15)

Altars:
Dithmenos


Innate Abilities, Weirdness & Mutations

You are resistant to torment.
Your stone body is resilient. (AC +4)
You are immune to poison.
You resist negative energy. (rN+)
You are resistant to electric shocks. (rElec)
You can survive without breathing.
You are immune to petrification.
You are immune to rotting.


Message History

You block the orc priest's attack. You block the orc's attack. x2
The orc hits you but does no damage. The orc wizard barely misses you.
The kobold hits you but does no damage. The orc priest hits you.
You miss the orc wizard. You block the orc's attack.
The orc wizard hits you but does no damage.
The orc hits you but does no damage. The kobold hits you but does no damage.
You block the orc's attack.
The orc priest begins to cast a cantrip, but forgets the words!
You closely miss the orc wizard. You block the orc wizard's attack.
The orc hits you with a +0 hand axe of freezing.
The orc freezes you. The orc closely misses you. You block the kobold's attack.
The orc priest barely misses you. The orc hits you but does no damage.
You block the orc wizard's attack. The kobold hits you but does no damage.
You closely miss the orc wizard. The orc hits you but does no damage.
You block the orc priest's attack. The orc hits you but does no damage.
The orc barely misses you.
The orc wizard hits you but does no damage.
The kobold barely misses you. You block the orc priest's attack.
The orc hits you but does no damage. x2
You barely miss the orc wizard. The orc hits you but does no damage.
You block the orc wizard's attack. The kobold barely misses you.
The orc priest hits you. The orc hits you but does no damage.
The orc closely misses you.
You barely miss the orc wizard. The orc hits you but does no damage.
The orc wizard hits you but does no damage.
You block the kobold's attack. You block the orc priest's attack.
The orc barely misses you. The orc hits you but does no damage.
You closely miss the orc wizard. The orc wizard barely misses you.
The kobold hits you but does no damage. The orc barely misses you.
The orc priest hits you.
* * * LOW HITPOINT WARNING * * *
You block the orc's attack. x2
The orc wizard hits you with a +0 dagger.
* * * LOW HITPOINT WARNING * * *
You block the kobold's attack.
You are too injured to fight recklessly!
You are too injured to fight recklessly!
You are too injured to fight recklessly!
You thump the kobold!
You kill the kobold!
The orc priest calls down the wrath of Beogh upon you.
Beogh smites you!
* * * LOW HITPOINT WARNING * * *
You block the orc's attack. The orc hits you but does no damage.
You block the orc's attack. You block the orc wizard's attack.
You block the orc priest's attack.
A rat comes into view.
You closely miss the orc. The orc hits you but does no damage.
The orc hits you with a +0 hand axe of freezing.
You die...

##### ...r
###...###
###.......##
...........
##.o.....#
#.o@o..#
#..o)o..#
#........##
#.........#
#.....$.....
...........###
###.......##
##......#


You could see an orc priest, an orc wizard, 3 orcs and a rat.

Vanquished Creatures
  A wight (D:2)
  4 adders (D:2)
  An ooze (D:1)
  3 worms (D:2)
  2 leopard geckos
  2 giant cockroaches (D:2)
  3 hobgoblins (D:2)
  8 jackals
  6 kobolds
  7 bats
  3 frilled lizards (D:1)
  5 goblins
  5 rats
50 creatures vanquished.

Notes
Turn   | Place    | Note
-------+----------+-------------------------------------------
     0 | D:1      | DavidChitty2 the Gargoyle Fighter began the quest for the
                  | Orb.
     0 | D:1      | Reached XP level 1. HP: 14/14 MP: 1/1
    53 | D:1      | Reached XP level 2. HP: 7/19 MP: 2/2
   491 | D:1      | Reached XP level 3. HP: 13/23 MP: 3/3
  1033 | D:2      | Reached XP level 4. HP: 27/29 MP: 4/4
  1258 | D:2      | Found a shadowy altar of Dithmenos.
  1762 | D:2      | Reached XP level 5. HP: 29/33 MP: 5/5
  1820 | D:3      | HP: 1/33 [orc priest/divine providence (14)]
  1821 | D:3      | Slain by an orc

Levels and vault maps discovered:
D:1:      lightli_arrival_chessboard, layout_rooms
D:2:      layout_rooms, grunt_dithmenos_smoke, roderic_malta_cross
D:3:      layout_loops_ring, lemuel_coloured_pillars_altar,
          nicolae_overflow_crystal_walls, first_ration, roderic_serpentine_path

Skill      XL: |  1  2  3  4 |
---------------+-------------+-----
Maces & Flails | 3 |  3.6
Fighting       | 4 |  4.0
Armour         | 4 |  4.1
Shields        | 4 |  4.0

Action                   |  1- 3 |  4- 6 || total
-------------------------+-------+-------++-------
Melee: Flail             |   160 |   136 ||   296
  Eat: Chunk             |     1 |     3 ||     4
Armor: Chain mail        |   141 |   117 ||   258
       Scale mail        |     3 |       ||     3
Dodge: Dodged            |    50 |    43 ||    93
Block: Shield            |   130 |   132 ||   262
       Reflection        |     2 |     1 ||     3

Table legend:
 A = Non-vault XP
 B = Vault XP
 C = Vault XP percentage of total XP
 D = Non-vault monster count
 E = Vault monster count
 F = Vault count percentage of total count
                 A         B        C        D         E       F
            +---------+---------+-------+---------+---------+-------
      Total |     204 |       0 |   0.0 |      50 |       0 |   0.0
            +---------+---------+-------+---------+---------+-------
        D:1 |      40 |       0 |   0.0 |      22 |       0 |   0.0
        D:2 |     163 |       0 |   0.0 |      27 |       0 |   0.0
        D:3 |       1 |       0 |   0.0 |       1 |       0 |   0.0
            +---------+---------+-------+---------+---------+-------
